 Dungeon Crawl Stone Soup version 0.31-a0-664-g902f515a81 (webtiles) character file.

Game seed: 2833770357971760793

952 jlumianski the Firebug (level 7, -2/65 HPs)
             Began as a Troll Fire Elementalist on Sept 2, 2023.
             Slain by a gnoll
             ... wielding a +0 flail
             ... led by a gnoll bouda
              (11 damage)
             ... on level 5 of the Dungeon.
             The game lasted 00:18:50 (3674 turns).

jlumianski the Firebug (Troll Fire Elementalist)    Turns: 3674, Time: 00:18:50

Health: -2/65      AC:  6    Str: 17    XL:     7   Next: 90%
Magic:  8/11       EV: 10    Int: 16    God:
Gold:   49         SH:  0    Dex: 10    Spells: 9/12 levels left

rFire   . .          .
                       - Unarmed
rCold   . . .        (no shield)
rNeg    . . .        a - +0 robe
rPois   .            (helmet restricted)
rElec   .            t - +1 cloak of Amuobe {Int+3}
rCorr   .            (gloves unavailable)
SInv    .            (boots unavailable)
Will    .....        (no amulet)
Stlth   +            d - ring of flight
HPRegen 1.10/turn    (no ring)
MPRegen 0.12/turn

%: no passive effects
@: flying
A: large, unfitting armour, claws 3, regeneration 1, shaggy fur 1, tough skin 1
a: no special abilities


You were on level 5 of the Dungeon.
You visited 1 branch of the dungeon, and saw 6 of its levels.

You collected 345 gold pieces.
You spent 296 gold pieces at shops.

Inventory:

Missiles
 q - 5 boomerangs
 r - 3 throwing nets
Armour
 a - a +0 robe (worn)
 e - the orb of the Boiling Point {*Rage, -Cast rF+ rC+}
   (You found it on level 5 of the Dungeon)

   rF+:       It protects you from fire.
   rC+:       It protects you from cold.
   -Cast:     It prevents spellcasting.
 t - the +1 cloak of Amuobe (worn) {Int+3}
   (You bought it in a shop on level 5 of the Dungeon)

   Int+3:     It affects your intelligence (+3).
Jewellery
 d - a ring of flight (left claw)
Talismans
 c - a serpent talisman
 p - a blade talisman
Wands
 n - a wand of flame (1)
Scrolls
 f - a scroll of vulnerability {unknown}
 g - a scroll of fear {unknown}
 h - a scroll of noise {unknown}
 i - a scroll of enchant armour {unknown}
 j - 2 scrolls of immolation {unknown}
 k - 4 scrolls of identify {unknown}
 m - a scroll of teleportation {unknown}
Potions
 b - 2 potions of magic
 l - a potion of curing
 o - a potion of enlightenment {unknown}
 s - a potion of haste {unknown}


   Skills:
 * Level 2.1 Fighting
 + Level 2.3 Dodging
 + Level 1.1 Stealth
 + Level 3.0 Unarmed Combat
 * Level 3.3 Spellcasting
 - Level 0.6 Conjurations
 * Level 4.7 Fire Magic
 + Level 0.2 Evocations
 + Level 0.2 Shapeshifting


You had 9 spell levels left.
You knew the following spells:

 Your Spells              Type           Power      Damage    Failure   Level
a - Foxfire               Conj/Fire      44%        2x1d6     6%          1
b - Scorch                Fire           34%        2d6       3%          2

Your spell library contained the following spells:

 Spells                   Type           Power      Damage    Failure   Level
 Magic Dart               Conj           16%        1d3       14%         1
 Sandblast                Erth           4%         2d4       19%         1
 Inner Flame              Hex/Fire       10%        N/A       21%         3
 Volatile Blastmotes      Fire/Tloc      20%        2d11      21%         3
 Call Imp                 Summ           4%         N/A       26%         2
 Lesser Beckoning         Tloc           4%         N/A       26%         2
 Passwall                 Tmut/Erth      1%         N/A       26%         2
 Stone Arrow              Conj/Erth      6%         3d7       43%         3
 Mephitic Cloud           Conj/Pois/Air  3%         N/A       45%         3
 Ozocubu's Armour         Ice            2%         N/A       47%         3
 Flame Wave               Conj/Fire      11%        2d6       52%         4
 Iskenderun's Mystic Bla  Conj/Tloc      3%         2d3       85%         4
 Metabolic Englaciation   Hex/Ice        1%         N/A       99%         5
 Simulacrum               Ice/Necr       1%         N/A       100%        6
 Starburst                Conj/Fire      5%         6d4       100%        6
 Ozocubu's Refrigeration  Ice            1%         4d7       100%        7
 Disjunction              Tloc           1%         N/A       100%        8
 Polar Vortex             Ice            1%         N/A       100%        9


Dungeon Overview and Level Annotations

Branches:
Dungeon (6/15)
 Temple: D:4-7

Altars:

Shops:
D:5 [

Annotations:
D:2 1 runed translucent door, Crazy Yiuf
D:4 Eustachio


Innate Abilities, Weirdness & Mutations

You are too large for most types of armour.
You have claws for hands.
Your natural rate of healing is unusually fast.
You are covered in fur. (AC +1)
You have tough skin. (AC +1)


Message History

You claw the gnoll bouda!
The gnoll bouda is heavily wounded.
You claw the gnoll bouda!
The gnoll bouda is almost dead.
The gnoll bouda utters an invocation to its god.
The gnoll bouda is healed somewhat.
The gnoll hits you with a +0 whip. The gnoll hits you with a +0 flail.
You scratch the gnoll bouda.
The gnoll bouda is almost dead.
The gnoll is no longer more vulnerable to fire.
The gnoll bouda prays to its god.
The gnoll bouda is healed somewhat.
The gnoll barely misses you. The gnoll hits you with a +0 flail.
You scratch the gnoll bouda.
The gnoll bouda is severely wounded.
The gnoll bouda hits you but does no damage.
The gnoll hits you with a +0 whip. The gnoll hits you with a +0 flail.
You scratch the gnoll bouda.
The gnoll bouda is almost dead.
The gnoll bouda hits you with a +0 club.
The gnoll hits you with a +0 whip. The gnoll hits you with a +0 flail.
You barely miss the gnoll bouda.
The gnoll bouda is almost dead.
The gnoll bouda mumbles some strange prayers to its god.
The gnoll bouda is healed somewhat.
The gnoll hits you with a +0 whip. The gnoll hits you with a +0 flail.
You claw the gnoll bouda!
You kill the gnoll bouda!
The gnoll hits you with a +0 flail!
* * * LOW HITPOINT WARNING * * *
The gnoll hits you but does no damage.
Your Unarmed Combat skill increases to level 3!
The gnoll hits you with a +0 flail!
* * * LOW HITPOINT WARNING * * *
Items here: )))) [[[ †††.
Things that are here:
a +0 ring mail; a +0 mace The gnoll is no longer moving quickly.
The gnoll attacks as it pursues you! The gnoll hits you with a +0 flail!
You die...

###.#
.... ...
#.... ...
....# #.#
#.# #.#
###.#####
#.#
........#
#.#
###.###.#
#.# #.# #
#@# #.#
.#.# #g#
#.# ....
#.# #.#
...###g#
#.#
#..##>##
#.#
##...#)[#
#.##
#...8...#
###..####
#..8.8..#
..#.....#
#.8...8.#


You could see 2 gnolls.

Vanquished Creatures
  Grinder (D:3)
  A phantom (D:4)
  3 scorpions (D:5)
  A crimson imp (D:4)
  A gnoll bouda (D:5)
  2 hounds
  2 iguanas (D:5)
  6 orc wizards
  A sleepcap (D:4)
  3 gnolls (D:4)
  3 adders
  A white imp (D:4)
  An ufetubus (D:5)
  A dart slug (D:1)
  10 orcs
  10 ball pythons
  3 endoplasms
  4 goblins
  11 jackals
  7 kobolds
  A quokka (D:5)
  7 bats
  3 frilled lizards
  4 rats (D:1)
87 creatures vanquished.

Vanquished Creatures (others)
  26 foxfires
26 creatures vanquished.

Grand Total: 113 creatures vanquished

Notes
Turn   | Place    | Note
-------+----------+-------------------------------------------
     0 | D:1      | jlumianski the Troll Fire Elementalist began the quest for
                  | the Orb.
     0 | D:1      | Reached XP level 1. HP: 16/16 MP: 1/1
   139 | D:1      | Reached XP level 2. HP: 15/26 MP: 3/3
   428 | D:1      | Reached skill level 1 in Unarmed Combat
   451 | D:1      | Reached XP level 3. HP: 32/32 MP: 4/4
   972 | D:2      | Found a faded altar of an unknown god.
   994 | D:2      | Got the Compilation of Puissant Movement
  1354 | D:2      | Found a runed translucent door.
  1355 | D:2      | Noticed Crazy Yiuf
  1826 | D:4      | Reached XP level 4. HP: 34/40 MP: 5/5
  2063 | D:2      | Reached skill level 3 in Fire Magic
  2088 | D:3      | Reached XP level 5. HP: 45/46 MP: 7/7
  2437 | D:4      | Noticed Grinder
  2438 | D:4      | Paralysed by Grinder for 4 turns
  2482 | D:3      | Paralysed by Grinder for 3 turns
  2492 | D:3      | Killed Grinder
  2493 | D:3      | Reached skill level 4 in Fire Magic
  2493 | D:3      | Reached XP level 6. HP: 27/54 MP: 4/8
  2496 | D:3      | Learned a level 2 spell: Scorch
  2588 | D:4      | HP: 1/54 [white imp/puff of frost (7)]
  2677 | D:4      | Noticed Eustachio
  2682 | D:5      | Entered Level 5 of the Dungeon
  2704 | D:5      | Identified the orb of the Boiling Point {*Rage, -Cast rF+
                  | rC+}
  2956 | D:4      | Reached skill level 1 in Fighting
  3138 | D:5      | Noticed a hornet
  3148 | D:4      | Reached XP level 7. HP: 60/63 MP: 6/10
  3486 | D:5      | Found Inwitodi's Armour Shop.
  3506 | D:5      | Bought the +1 cloak of Amuobe {Int+3} for 296 gold pieces
  3674 | D:5      | Slain by a gnoll

Illustrated notes

Levels and vault maps discovered:
D:1:      orjb1_clovarrival, layout_loops_ring, minmay_tetromino_i2
D:2:      layout_basic, shapermc_ecumenical_altar_ellora, corexii_shack,
          hex_tiny, uniq_crazy_yiuf_cottage
D:3:      layout_basic
D:4:      layout_basic, minmay_fire_ice_demons, uniq_grinder, uniq_eustachio
D:5:      layout_rooms, amethyst_overflow_temple_binary, serial_shops,
          nicolae_diamond_shop, minmay_bent
D:6:      layout_rooms, grunt_dithmenos_shadows,
          minmay_temple_entry_statues_pillars, hex_large, uniq_sigmund,
          uniq_menkaure, uniq_jeremiah

Skill      XL: |  1  2  3  4  5  6  7 |
---------------+----------------------+-----
Unarmed Combat | 1 2 3 |  3.0
Spellcasting   | 2 3 |  3.3
Fire Magic     | 3 4 |  4.7
Fighting       | 1 2 |  2.1
Dodging        | 2 |  2.3
Stealth        | |  1.1
Conjurations   | |  0.6
Evocations     | |  0.2
Shapeshifting  | |  0.2

Action                     |  1- 3 |  4- 6 |  7- 9 || total
---------------------------+-------+-------+-------++-------
  Melee: Unarmed           |   112 |   112 |    70 ||   294
         Punch             |       |     4 |     2 ||     6
   Cast: Foxfire           |       |     9 |     4 ||    13
         Scorch            |       |     4 |    13 ||    17
  Evoke: Wand              |       |     2 |       ||     2
    Use: Potion            |       |     6 |       ||     6
   Stab: Sleeping          |     3 |       |       ||     3
 Armour: Robe              |    88 |    96 |    77 ||   261
         Skin              |       |     2 |       ||     2
  Dodge: Dodged            |    55 |    44 |    64 ||   163

Table legend: (Time is in decaauts)
 A = Elapsed time spent in this place.
 B = Non-inter-level travel time spent in this place.
 C = Inter-level travel time spent in this place.
 D = Time resting spent in this place.
 E = Time spent auto-exploring this place.
 F = Levels seen in this place.
 G = Mean time per level.
                   A        B        C        D        E       F      G
               +--------+--------+--------+--------+--------+-----+--------+
         Total |   3679 |   3599 |     80 |    256 |   1958 |   6 |  613.2 |
       Dungeon |   3679 |   3599 |     80 |    256 |   1958 |   6 |  613.2 |
               +--------+--------+--------+--------+--------+-----+--------+

Top non-repeatable levels by time:
     D:2: 1032 daAuts
     D:1: 790 daAuts
     D:4: 745 daAuts
     D:3: 626 daAuts
     D:5: 467 daAuts
     D:6: 16 daAuts
